 Dungeon Crawl Stone Soup version 0.21.1-1-g345015f (webtiles) character file.

973 inc the Nimble (level 7, -11/33 HPs)
             Began as a Felid Enchanter on Feb 22, 2018.
             Was an Initiate of Gozag.
             Mangled by a warg (13 damage)
             ... on level 10 of the Dungeon.
             The game lasted 00:26:44 (12386 turns).

inc the Nimble (Felid Enchanter)                   Turns: 12386, Time: 00:26:45

Health: -11/33     AC:  2    Str:  4      XL:     7   Next: 94%
Magic:  9/11       EV: 24    Int: 19      God:    Gozag
Gold:   467        SH:  0    Dex: 15 (16) Spells: 1/10 levels left
                                        Lives:  0   Deaths: 2

rFire    . . .     SeeInvis +     - Unarmed
rCold    . . .     Gourm    .   (shield unavailable)
rNeg     . . .     Faith    .   (armour unavailable)
rPois    .         Spirit   .   (helmet unavailable)
rElec    .         Reflect  .   (cloak unavailable)
rCorr    .         Harm     .   (gloves unavailable)
MR       +....                  (boots unavailable)
Stlth    +++.......             (no amulet)
HPRegen  0.11/turn              r - ring of wizardry
MPRegen  0.12/turn              (no ring)

@: drained, quick
A: very small, no armour, no weapons or thrown items, stealth, claws 1, fangs 3,
see invisible, carnivore, speed 1, shaggy fur 2, slow metabolism 1, sharp paws
a: Potion Petition, Call Merchant, Bribe Branch, Renounce Religion


You were on level 10 of the Dungeon.
You worshipped Gozag.
Gozag was aware of your devotion.
You were not hungry.

You visited 2 branches of the dungeon, and saw 11 of its levels.
You also visited: Sewer.

You collected 600 gold pieces.
You paid 133 gold pieces to Gozag.

Inventory:

Hand Weapons
 y - a +0 trident
Jewellery
 r - a ring of wizardry (left paw)
 u - an uncursed ring of loudness
 x - a cursed -3 ring of evasion {unknown}
Wands
 z - a wand of polymorph (8)
Scrolls
 c - 3 scrolls of remove curse
 d - 3 scrolls of immolation
 h - 4 scrolls of teleportation {unknown}
 k - 2 scrolls of enchant armour {unknown}
 p - a scroll of enchant weapon {unknown}
 q - a scroll of noise {unknown}
 s - a scroll of magic mapping {unknown}
 t - 3 scrolls of blinking {unknown}
 w - a scroll of amnesia {unknown}
Potions
 f - 3 potions of haste
 g - a potion of ambrosia
 i - 3 potions of brilliance
 j - 2 potions of flight
 l - 3 potions of cancellation
 m - a potion of mutation
 n - a potion of curing
 o - a potion of degeneration {unknown}
 v - a potion of heal wounds {unknown}
Books
 a - a book of Maledictions

   Spells                             Type                      Level
   a - Corona                         Hexes                        1
   b - Ensorcelled Hibernation        Hexes/Ice                    2
   c - Confuse                        Hexes                        3
   d - Tukima's Dance                 Hexes                        3
   e - Dazzling Spray                 Conjuration/Hexes            3
Comestibles
 b - 4 rations


   Skills:
 - Level 5.1 Fighting
 - Level 9.4(9.3) Dodging
 + Level 4.4(4.3) Stealth
 - Level 4.1(4.0) Unarmed Combat
 - Level 2.0(1.9) Spellcasting
 - Level 7.1(7.0) Hexes
 - Level 3.2 Ice Magic


You had one spell level left.
You knew the following spells:

 Your Spells              Type           Power        Failure   Level  Hunger
a - Corona                Hex            ####...      1%          1    #......
b - Ensorcelled Hibernat  Hex/Ice        ###...       1%          2    ###....
c - Confuse               Hex            ####....     1%          3    ###....
d - Tukima's Dance        Hex            ####....     1%          3    ###....


Dungeon Overview and Level Annotations

Branches:
Dungeon (10/15)            Temple (1/1) D:6
   Lair: D:8-11         Orc: D:9-12

Altars:
Ashenzari
Cheibriados
Elyvilon
Fedhas
Gozag
Hepliaklqana
Okawaru
Qazlal
Ru
Uskayaw
Vehumet
Wu Jian
Yredelemnul
Zin
The Shining One

Shops:
D:5 %

Annotations:
D:6 1994's ghost, novice TrMo; Pikel


Innate Abilities, Weirdness & Mutations

You cannot wear armour.
You are incapable of wielding weapons or throwing items.
Your paws allow you to move quietly. (Stealth)
You have sharp claws.
You have razor-sharp teeth.
You have supernaturally acute eyesight. (SInv)
You are carnivorous and can eat meat at any time.
You cover ground quickly.
You are covered in thick fur. (AC +2)
You have a slow metabolism.
Your sharp claws are effective at attacking unaware monsters.


Message History

Casting: Ensorcelled Hibernation
Confirm with . or Enter, or press ? or * to list all spells.
Aiming: Ensorcelled Hibernation
Press: ? - help, Shift-Dir - straight line, f/p - warg
Aim: a warg (moderately wounded, chance to defeat MR: 33%)
The warg easily resists.
The warg completely misses you.
Casting: Ensorcelled Hibernation
Confirm with . or Enter, or press ? or * to list all spells.
You don't have enough magic to cast that spell.
Magic courses through your body. The warg bites you!
* * * LOW HITPOINT WARNING * * *
The warg closely misses you.
Casting: Ensorcelled Hibernation
Confirm with . or Enter, or press ? or * to list all spells.
Aiming: Ensorcelled Hibernation
Press: ? - help, Shift-Dir - straight line, f/p - warg
Aim: a warg (moderately wounded, chance to defeat MR: 33%)
The warg easily resists.
The warg bites you!
You die...
Your body crumbles into a pile of gold.

#....# #....# .
#....#
#..######....#
.............#
.............#
#......#..#####
.......#......#
$
.......#..h@..#
###..#z#####+##
#..#. +. #. #.
#.


You could see a warg.

Vanquished Creatures
  An ice beast (D:2)
  3 big kobolds (Sewer)
  A bullfrog (D:9)
  A scorpion (D:4)
  2 killer bees
  4 wights (D:6)
  A bullfrog zombie (D:5)
  A quasit (D:9)
  Crazy Yiuf (D:5)
  3 hounds
  A jelly (D:6)
  3 orc priests (D:3)
  4 bullfrog skeletons
  2 centaur skeletons
  6 orc wizards
  An iguana (D:9)
  3 worker ants
  A gnoll (D:7)
  10 adders
  4 river rats
  A shadow imp (D:9)
  4 oozes
  An adder skeleton (D:5)
  6 worms
  3 dart slugs
  9 leopard geckos
  21 orcs
  5 ball pythons
  2 bat zombies (D:1)
  4 giant cockroaches
  13 goblins
  14 hobgoblins
  12 kobolds
  4 quokkas
  10 bats
  7 frilled lizards
  A jackal skeleton (D:4)
  A quokka skeleton (D:4)
  22 rats
  A fungus (D:5)
194 creatures vanquished.

Vanquished Creatures (others)
  4 dancing weapons
  A quokka (D:3)
5 creatures vanquished.

Grand Total: 199 creatures vanquished

Notes
Turn   | Place    | Note
-------+----------+-------------------------------------------
     0 | D:1      | inc the Felid Enchanter began the quest for the Orb.
     0 | D:1      | Reached XP level 1. HP: 7/7 MP: 4/4
   748 | D:1      | Reached XP level 2. HP: 5/11 MP: 6/6
  1379 | D:2      | Learned a level 2 spell: Ensorcelled Hibernation
  1390 | D:2      | Found a basalt altar of Yredelemnul.
  1744 | D:1      | Reached XP level 3. HP: 14/14 MP: 4/7
  1870 | D:1      | Learned a level 3 spell: Confuse
  3346 | D:2      | Reached XP level 4. HP: 18/18 MP: 8/8
  3692 | D:3      | Reached skill level 1 in Fighting
  3840 | D:3      | Reached XP level 5. HP: 23/23 MP: 0/9
  4178 | D:3      | Found a white marble altar of Elyvilon.
  4308 | D:3      | Noticed an ice beast
  4465 | D:2      | HP: 1/24 [ice beast (6)]
  4884 | D:2      | Killed an ice beast
  4884 | D:2      | Gained mutation: You are covered in thick fur. (AC +2) [Felid growth]
  4884 | D:2      | Reached XP level 6. HP: 29/29 MP: 7/10
  5434 | D:3      | Reached skill level 3 in Dodging
  5711 | D:4      | Found a stormy altar of Qazlal.
  5818 | D:4      | Found a hazy altar of Hepliaklqana.
  6012 | D:4      | Reached skill level 5 in Fighting
  6030 | D:4      | Reached skill level 4 in Dodging
  6075 | D:4      | Slain by an orc
  6076 | D:4      | Reached XP level 5. HP: -2/26 MP: 2/9
  6109 | D:4      | Found a blossoming altar of Fedhas.
  6170 | D:4      | HP: 1/26 [orc/short sword (7)]
  6493 | D:4      | Found an iron altar of Okawaru.
  6760 | D:4      | Reached XP level 6. HP: 12/30 MP: 5/10
  6797 | D:4      | Reached skill level 5 in Dodging
  6910 | D:4      | Found a shattered altar of Ashenzari.
  7123 | D:5      | Entered Level 5 of the Dungeon
  7184 | D:5      | Found Jelygg's Food Emporium.
  7584 | D:5      | Reached skill level 6 in Dodging
  8490 | D:5      | Found a runed door.
  8494 | D:5      | Noticed Crazy Yiuf
  8500 | D:5      | Killed Crazy Yiuf
  8555 | D:6      | Reached skill level 5 in Hexes
  8555 | D:6      | Reached skill level 1 in Ice Magic
  8555 | D:6      | Reached XP level 7. HP: 24/33 MP: 6/11
  8723 | D:6      | Noticed 1994's ghost (novice TrMo)
  8871 | D:6      | Learned a level 3 spell: Tukima's Dance
  9110 | D:6      | Found a glowing drain.
  9119 | Sewer    | Entered a sewer
  9313 | Sewer    | Reached skill level 7 in Dodging
 10095 | Sewer    | Reached skill level 8 in Dodging
 10135 | Sewer    | Reached XP level 8. HP: 33/37 MP: 9/12
 10412 | D:6      | Found a staircase to the Ecumenical Temple.
 10421 | Temple   | Entered the Ecumenical Temple
 10442 | Temple   | Became a worshipper of Gozag Ym Sagoz the Greedy
 10470 | D:6      | Shot with an arrow by a centaur
 10471 | D:6      | Reached XP level 7. HP: -7/33 MP: 11/11
 10478 | D:6      | Noticed Pikel
 10716 | D:7      | Reached skill level 9 in Dodging
 11008 | D:7      | Found an ornate altar of the Wu Jian Council.
 12330 | D:9      | Noticed a two-headed ogre
 12367 | D:10     | Entered Level 10 of the Dungeon
 12386 | D:10     | Mangled by a warg

Skill      XL: |  1  2  3  4  5  6  7 |
---------------+----------------------+-----
Unarmed Combat | 2 3 4 |  4.1
Fighting       | 2 4 5 |  5.1
Dodging        | 6 9 |  9.4
Hexes          | 5 7 |  7.1
Ice Magic      | 1 3 |  3.2
Stealth        | |  4.4
Spellcasting   | |  2.0

Action                   |  1- 3 |  4- 6 |  7- 9 || total
-------------------------+-------+-------+-------++-------
Melee: Unarmed           |   162 |   256 |   292 ||   710
       Bite              |    11 |    19 |    18 ||    48
       Punch             |       |     3 |     1 ||     4
 Cast: Ensorcelled Hiber |    26 |    82 |    73 ||   181
       Confuse           |       |     4 |    25 ||    29
       Tukima's Dance    |       |       |     5 ||     5
  Use: Scroll            |       |     1 |     6 ||     7
       Potion            |       |       |     6 ||     6
 Stab: Sleeping          |    25 |    45 |    46 ||   116
       Confused          |       |     3 |     6 ||     9
  Eat: Chunk             |     5 |    20 |    13 ||    38
       Ration            |       |     1 |     6 ||     7
Armor: Skin              |    18 |    16 |    18 ||    52
Dodge: Dodged            |   179 |   195 |   280 ||   654
